 Dungeon Crawl Stone Soup version 0.29-a0-817-g9904bce7a6 (webtiles) character file.

Game seed: 6342079359542832790

167848 buhh the Alchemist (level 17, -1/121 HPs)
             Began as an Octopode Transmuter on July 6, 2022.
             Was a High Priest of Cheibriados.
             Succumbed to a wolf spider's poison
             ... on level 1 of the Spider Nest.
             The game lasted 01:04:57 (27929 turns).

buhh the Alchemist (Octopode Transmuter)           Turns: 27929, Time: 01:04:58

Health: -1/121     AC:  5    Str: 22    XL:     17   Next: 63%
Magic:  16/26      EV: 30    Int: 30    God:    Cheibriados [*****.]
Gold:   1980       SH:  0    Dex: 36    Spells: 14/26 levels left

rFire   + . .      SeeInvis .     - Unarmed
rCold   + + .      Faith    .   (no shield)
rNeg    . . .      Spirit   .   (helmet restricted)
rPois   .          Reflect  .   T - amulet of regeneration
rElec   +          Harm     .   k - ring of protection from fire
rCorr   +          Rampage  .   o - ring of Lugonu's Displeasure {Drain rElec Will+++ rCorr Dex+6}
Will    +++++      Archmagi +   g - ring "Bett" {rC+ AC+4}
Stlth   +++++++...              I - +4 ring of protection
HPRegen 1.10/turn               p - ring of protection from cold
MPRegen 0.20/turn               W - ring of Byrchourgh {rElec Will+ Int-5 Dex+3 Slay+3}
                                D - ring of flight
                                v - ring of the Mage {Wiz Archmagi}

@: lethally poisoned (-1 -> -13), spiked, corroded, flying, invisible, very slow
A: almost no armour, amphibious, 8 rings, camouflage 1, gelatinous body 1,
(nimble swimmer 1), tentacles
}: 1/15 runes: barnacled
a: Renounce Religion, Bend Time, Temporal Distortion, Slouch, Step From Time


You were on level 1 of the Spider Nest.
You worshipped Cheibriados.
Cheibriados was extremely pleased with you.
You visited 6 branches of the dungeon, and saw 30 of its levels.
You also visited: Sewer.

You collected 3620 gold pieces.
You spent 1640 gold pieces at shops.

Inventory:

Missiles
 a - 3 curare-tipped darts
 r - 9 poisoned darts
 G - 8 throwing nets
Magical Staves
 Y - a staff of earth
Jewellery
 g - the ring "Bett" (on tentacle) {rC+ AC+4}
   (You acquired it in a sewer)

   [ring of protection]

   AC:        It affects your AC (+4).
   rC:        It protects you from cold.
 k - a ring of protection from fire (left tentacle)
 o - the ring of Lugonu's Displeasure (right tentacle) {Drain rElec Will+++ rCorr Dex+6}
   (You acquired it in a sewer)

   [ring of dexterity]

   Dex:       It affects your dexterity (+6).
   rElec:     It insulates you from electricity.
   rCorr:     It protects you from acid and corrosion.
   Drain:     It drains your maximum health when unequipped.
   Will:      It greatly increases your willpower.
 p - a ring of protection from cold (on tentacle)
 v - the ring of the Mage (on tentacle) {Wiz Archmagi}
   (You bought it in a shop on level 2 of the Orcish Mines)

   [ring of wizardry]

   It improves your spell success rate.
   Archmagi:  It increases the power of your magical spells.
 D - a ring of flight (on tentacle)
 I - a +4 ring of protection (on tentacle)
 L - an amulet of magic regeneration
 R - an amulet of the acrobat
 T - an amulet of regeneration (around mantle)
 W - the ring of Byrchourgh (on tentacle) {rElec Will+ Int-5 Dex+3 Slay+3}
   (You found it on level 3 of the Lair of Beasts)

   [ring of willpower]

   Int:       It affects your intelligence (-5).
   Dex:       It affects your dexterity (+3).
   Slay:      It affects your accuracy & damage with ranged weapons and melee
   (+3).
   rElec:     It insulates you from electricity.
   Will:      It increases your willpower.
 X - a ring of protection from fire
Wands
 c - a wand of paralysis (12)
 d - a wand of flame (21)
 l - a wand of digging (12)
 u - a wand of roots (8)
 x - a wand of acid (5)
 Z - a wand of mindburst (19)
Scrolls
 e - 5 scrolls of fog
 f - 6 scrolls of identify {!d}
 h - 2 scrolls of enchant armour
 i - 11 scrolls of teleportation {!d}
 n - 2 scrolls of brand weapon
 q - 5 scrolls of amnesia
 w - 4 scrolls of immolation {!d}
 C - 3 scrolls of summoning
 E - 2 scrolls of enchant weapon
 J - 5 scrolls of blinking {!d}
 K - 5 scrolls of vulnerability
 U - 5 scrolls of poison
 V - a scroll of silence {!r}
Potions
 b - 4 potions of cancellation {!q!d}
 j - 2 potions of attraction
 m - 2 potions of invisibility {!q!d}
 s - 4 potions of mutation {!d}
 t - a potion of ambrosia {!q!d}
 z - 5 potions of resistance {!q!d}
 A - 10 potions of curing {!q!d}
 F - 5 potions of haste {!q!d}
 H - 5 potions of lignification {!d}
 M - 2 potions of might
 N - 2 potions of berserk rage {!q}
 O - 3 potions of magic {!q!d}
 Q - 3 potions of flight
 S - 5 potions of brilliance {!q!d}
Miscellaneous
 P - a condenser vane


   Skills:
 * Level 12.8 Fighting
 * Level 12.8 Dodging
 - Level 11.0 Stealth
 * Level 12.8 Unarmed Combat
 - Level 5.0 Spellcasting
 - Level 15.0 Transmutations
 - Level 3.4 Ice Magic
 - Level 10.0 Earth Magic
 - Level 2.0 Poison Magic
 - Level 13.0 Invocations


You had 14 spell levels left.
You knew the following spells:

 Your Spells              Type           Power      Damage    Failure   Level
a - Statue Form           Tmut/Erth      59%        N/A       2%          6
b - Wereblood             Tmut           98%        N/A       0%          2
d - Ice Form              Ice/Tmut       76%        N/A       1%          4

Your spell library contained the following spells:

 Spells                   Type           Power      Damage    Failure   Level
 Beastly Appendage        Tmut           100%       N/A       0%          1
 Freeze                   Ice            100%       1d11      1%          1
 Sandblast                Erth           100%       2d20      1%          1
 Sting                    Tmut/Pois      100%       1d8       1%          1
 Passwall                 Tmut/Erth      74%        N/A       1%          2
 Frozen Ramparts          Ice            84%        1d10      1%          3
 Spider Form              Tmut/Pois      73%        N/A       1%          3
 Stone Arrow              Conj/Erth      100%       3d13      1%          3
 Blade Hands              Tmut           49%        N/A       1%          5
 Lee's Rapid Deconstruct  Erth           39%        3d20*     1%          5
 Magic Dart               Conj           44%        1d5       2%          1
 Shock                    Conj/Air       44%        1d5       2%          1
 Slow                     Hex            44%        N/A       2%          1
 Poisonous Vapours        Pois/Air       40%        N/A       2%          2
 Searing Ray              Conj           22%        2d5       3%          2
 Leda's Liquefaction      Hex/Erth       27%        N/A       3%          4
 Irradiate                Conj/Tmut      34%        3d24      3%          5
 Dragon Form              Tmut           49%        N/A       4%          7
 Confusing Touch          Hex            11%        N/A       7%          3
 Swiftness                Air            11%        N/A       7%          3
 Vampiric Draining        Necr           11%        2d6       7%          3
 Olgreb's Toxic Radiance  Pois           29%        N/A       11%         4
 Hailstorm                Conj/Ice       26%        3d7       12%         4
 Airstrike                Air            5%         0-3+      22%         4
 Animate Dead             Necr           11%        N/A       22%         4
 Fulminant Prism          Conj/Hex       5%         3d7       22%         4
 Conjure Ball Lightning   Conj/Air       5%         3x3d6     96%         6
 Haunt                    Necr/Summ      5%         N/A       100%        7
 Discord                  Hex            5%         N/A       100%        8
 Disjunction              Tloc           5%         N/A       100%        8
 Infestation              Necr           5%         N/A       100%        8


Dungeon Overview and Level Annotations

Branches:
Dungeon (15/15) Zot: 38593  Temple (1/1) D:4 Zot: 8970    Lair (6/6) D:10 Zot: 37006
 Shoals (4/4) Lair:4 Zot: 33813  Spider (2/4) Lair:3 Zot: 15781   Slime (0/5) Lair:5
    Orc (2/2) D:11 Zot: 15716     Elf (0/3) Orc:2        Vaults (0/5) D:13
 Depths (0/4) D:15          Sewer (visited)

Altars:
Ashenzari
Cheibriados
Dithmenos
Hepliaklqana
Kikubaaqudgha
Qazlal
Ru
Sif Muna
Trog
Wu Jian
Xom
The Shining One

Shops:
D:5 ?(?   D:7 !   D:10 :   Orc:2 ?=[(

Annotations:
D:1 exclusion: kobold
D:2 Sigmund
D:14 2 transporters, Atuuduag's ghost, journeyman OgGl
Lair:4 1 runed translucent door, Depoub's ghost, journeyman OgIE
Lair:6 exclusion: obsidian statue
Shoals:3 2 runed translucent doors, Shayle's ghost, adept NaBr


Innate Abilities, Weirdness & Mutations

You cannot wear most types of armour.
You are amphibious.
You can wear up to eight rings at the same time.
Your skin changes colour to match your surroundings (Stealth+).
Your rubbery body absorbs attacks. (AC +1, EV +1)
((You are camouflaged when in or above water. (Stealth+)))
You have tentacles for arms and can constrict up to eight enemies at once.


Message History

Okay, then.
You are too confused!
Really quaff
m - 3 potions of invisibility {!q!d}?
You fade into invisibility!
You feel less confused.
* * * LOW HITPOINT WARNING * * *
You feel very sick. The redback misses you. The steelbarb worm misses you.
The entropy weaver misses you. The entropy weaver hits you!
* * * LOW HITPOINT WARNING * * *
The entropy weaver hits you but does no damage.
The entropy weaver misses you. The redback completely misses you.
The wolf spider closely misses you. The wolf spider completely misses you.
The demonic crawler completely misses you. x2
The demonic crawler closely misses you.
Really quaff
B - a potion of heal wounds {!q!d}?
You feel much better.
You feel very sick. The redback barely misses you. The redback misses you.
The wolf spider misses you. The wolf spider completely misses you.
The steelbarb worm hits you!
* * * LOW HITPOINT WARNING * * *
Barbed spikes become lodged in your body.
The entropy weaver barely misses you. The entropy weaver misses you.
The entropy weaver closely misses you.
The entropy weaver completely misses you.
The demonic crawler barely misses you.
The demonic crawler closely misses you. x2
The redback completely misses you. The wolf spider completely misses you.
The wolf spider bites you.
* * * LOW HITPOINT WARNING * * *
The redback barely misses you.
Really quaff
A - 10 potions of curing {!q!d}?
Okay, then.
Blink to where?
Press: ? - help, Q - select action, (/) - cycle Dir - move target
Okay, then.
Okay, then.
Okay, then.
You step out of the flow of time.
You return to the normal time flow.
Cheibriados lowers the support of your attributes as your movement quickens.
You die...

..........##
#.##...##..#....#...
....###.#..#
####..###.....#.....
.[### ####.####
##...#........#.. ..^##
##.#.# #..#...#.#.#.....
....##
#...#####....##.###...#.
#....#
#####.###..#####......#.
....## #.##.#...##
####...## #...#####
##.#......# #..####
##..#...# #...@##.#.#
#### .###..#.###
##........#
#.#.#...#.###.#.......#
###(...............#..#
###^..#..>#.#...^.#...#
#............#........#
##.#..#.........^...###
#.#.#...#.###..##..####
###.....####..##..##..#


There were no monsters in sight!

Vanquished Creatures
  Kirke (Spider:1)
  Agnes (Spider:1)
  Donald (Spider:1)
  An emperor scorpion (Spider:1)
  A ghost moth (Spider:2)
  A broodmother (Spider:1)
  A dire elephant (Lair:6)
  2 spark wasps (Spider:1)
  Snorg (Orc:1)
  5 merfolk javelineers (Shoals:4)
  A merfolk impaler (Shoals:3)
  A fire dragon (D:12)
  8 hydras
  2 merfolk aquamancers
  3 boulder beetles
  A death knight (D:14)
  An ice dragon (D:11)
  A merfolk avatar (Shoals:3)
  7 centaur warriors
  3 ogre magi
  A tengu warrior (D:15)
  A radroach (Spider:1)
  3 two-headed ogres
  A satyr (Shoals:3)
  4 orc high priests (Orc:2)
  Sonja (D:11)
  A spectral death yak (Lair:6)
  Amaemon (D:9)
  A spectral anaconda (Lair:6)
  5 skeletal warriors
  A pharaoh ant (Spider:1)
  5 orb spiders
  2 deep trolls (D:15)
  6 sea snakes
  3 necromancers (Lair:6)
  A wizard (D:15)
  6 orc knights
  Pikel (D:6)
  A spectral wolf spider (Spider:1)
  7 wolf spider zombies (Spider:1)
  12 ugly things
  6 orc sorcerers
  2 harpies (Shoals:4)
  5 deep elf pyromancers
  8 manticores
  8 wolf spiders (Spider:1)
  11 fauns
  A salamander (shapeshifter) (D:15)
  37 elephants
  2 moths of wrath (Spider:1)
  6 cyclopes
  5 merfolk sirens
  4 black mambas
  A water nymph (Shoals:4)
  A guardian serpent (shapeshifter) (D:12)
  An unseen horror (D:11)
  3 gargoyles (D:12)
  7 yaktaurs
  An orange demon (D:9)
  20 cane toads
  A dire elephant skeleton (Lair:6)
  2 rime drakes
  3 centaur skeletons (D:13)
  A kobold demonologist (D:13)
  2 freezing wraiths (D:14)
  2 demonic crawlers
  2 tengu conjurers
  2 efreet
  6 komodo dragons
  15 merfolk
  3 meliai (Spider:1)
  2 wind drakes (Shoals:3)
  2 polar bears (Lair:5)
  7 tarantellas (Spider:1)
  4 wolf spider simulacra (Spider:1)
  3 hornets
  7 trolls
  12 slime creatures
  3 spectral elephants (Lair:6)
  14 blink frogs
  10 dream sheep (Lair:5)
  2 snapping turtles
  5 jumping spiders
  3 shadows
  A centaur simulacrum (D:11)
  A culicivora (shapeshifter) (D:13)
  4 wraiths
  10 culicivoras (Spider:1)
  48 yaks
  2 vampires
  3 water elementals
  8 basilisks
  6 wyverns
  7 vampire mosquitoes
  2 hogs (Spider:1)
  9 redbacks (Spider:1)
  2 death yak simulacra (Lair:6)
  2 spectral cane toads (Lair:6)
  2 wargs
  2 acid dragons
  21 water moccasins
  23 orc warriors
  A sky beast (D:6)
  5 black bears
  A boggart (D:13)
  7 ogres
  2 elephant zombies (Lair:6)
  10 centaurs
  19 wolves
  An elephant skeleton (Lair:6)
  5 kobold brigands
  10 bullfrogs
  6 gnoll sergeants
  A cane toad simulacrum (Lair:6)
  6 scorpions
  4 necrophages
  9 wights
  An elephant simulacrum (Lair:6)
  30 killer bees
  An electric eel (Lair:3)
  6 hounds
  2 jellies
  15 orc priests
  3 gnoll boudas
  3 iguanas
  25 orc wizards
  A boggart skeleton (D:13)
  Robin (D:3)
  33 gnolls
  5 adders
  A river rat (D:3)
  2 white imps
  An ufetubus (D:5)
  A worm (D:2)
  2 dart slugs
  61 orcs
  9 endoplasms
  2 giant cockroaches
  13 goblins
  4 hobgoblins
  6 jackals
  A quokka (D:5)
  5 ball pythons
  3 bats
  2 frilled lizards
  14 kobolds
842 creatures vanquished.

Vanquished Creatures (others)
  A basilisk (D:15)
  5 humans (Spider:1)
  49 fungi
  80 plants
  28 withered plants (Lair:6)
163 creatures vanquished.

Grand Total: 1005 creatures vanquished

Notes
Turn   | Place    | Note
-------+----------+-------------------------------------------
     0 | D:1      | buhh the Octopode Transmuter began the quest for the Orb.
     0 | D:1      | Reached XP level 1. HP: 13/13 MP: 3/3
   649 | D:1      | Reached XP level 2. HP: 16/18 MP: 5/5
   844 | D:1      | Found a faded altar of an unknown god.
   942 | D:2      | Noticed Sigmund
  1533 | D:2      | Found a broken altar of Ashenzari.
  1791 | D:2      | Reached XP level 3. HP: 10/23 MP: 3/6
  2242 | D:3      | Found a glowing drain.
  2266 | Sewer    | Entered a sewer
  2336 | Sewer    | Noticed a water moccasin
  2353 | Sewer    | Identified 2 scrolls of acquirement
  2353 | Sewer    | Acquired the ring of Lugonu's Displeasure {Drain rElec
                  | Will+++ rCorr Dex+6}
  2356 | Sewer    | Acquired the ring "Bett" {rC+ AC+4}
  2610 | Sewer    | Killed a water moccasin
  2611 | Sewer    | Reached XP level 4. HP: 29/29 MP: 7/7
  2611 | Sewer    | Reached XP level 5. HP: 34/34 MP: 8/8
  2743 | D:3      | Learned a level 2 spell: Wereblood
  2747 | D:3      | Learned a level 3 spell: Spider Form
  3023 | D:4      | Found a staircase to the Ecumenical Temple.
  3037 | Temple   | Entered the Ecumenical Temple
  3049 | Temple   | Became a worshipper of Cheibriados the Contemplative
  3106 | D:3      | Found a stormy altar of Qazlal.
  3158 | D:3      | Reached XP level 6. HP: 41/41 MP: 6/9
  3507 | D:3      | Reached * piety under Cheibriados
  3701 | D:3      | Noticed Robin
  3731 | D:3      | Killed Robin
  4807 | D:5      | Entered Level 5 of the Dungeon
  4807 | D:5      | Noticed a black bear
  4867 | D:5      | Found Ohociyhi's Magic Scroll Shoppe.
  4878 | D:5      | Reached ** piety under Cheibriados
  4879 | D:5      | Reached skill level 5 in Unarmed Combat
  4881 | D:5      | Bought a scroll of identify for 22 gold pieces
  4881 | D:5      | Bought a scroll of poison for 38 gold pieces
  4881 | D:5      | Bought a scroll of immolation for 38 gold pieces
  4881 | D:5      | Bought a scroll of identify for 22 gold pieces
  4881 | D:5      | Bought a scroll of noise for 11 gold pieces
  4881 | D:5      | Bought 3 scrolls of identify for 66 gold pieces
  4881 | D:5      | Bought a scroll of teleportation for 33 gold pieces
  4971 | D:5      | Reached XP level 7. HP: 24/46 MP: 7/10
  5284 | D:5      | Found Ofufoats's Weapon Emporium.
  5604 | D:5      | Reached XP level 8. HP: 54/54 MP: 5/11
  6191 | D:5      | Found Xyrur's Magic Scroll Boutique.
  6194 | D:5      | Bought a scroll of identify for 20 gold pieces
  6194 | D:5      | Bought a scroll of identify for 20 gold pieces
  6194 | D:5      | Bought a scroll of identify for 20 gold pieces
  6460 | D:6      | Reached skill level 5 in Dodging
  6621 | D:6      | Reached *** piety under Cheibriados
  6766 | D:6      | Reached skill level 5 in Fighting
  6891 | D:6      | Noticed Pikel
  6906 | D:6      | Killed Pikel
  6907 | D:6      | Reached skill level 8 in Unarmed Combat
  6907 | D:6      | Reached XP level 9. HP: 31/62 MP: 4/12
  7605 | D:7      | Noticed a hornet
  8563 | D:7      | Reached **** piety under Cheibriados
  8566 | D:7      | Found Saomeamp's Distillery.
  8573 | D:7      | Bought a potion of curing for 36 gold pieces
  8573 | D:7      | Bought a potion of invisibility for 96 gold pieces
  9023 | D:8      | Reached skill level 5 in Stealth
  9214 | D:8      | Reached skill level 8 in Dodging
  9224 | D:8      | Reached XP level 10. HP: 35/72 MP: 10/13
  9579 | D:9      | Found a shadowy altar of Dithmenos.
  9582 | D:9      | Noticed an orange demon
  9740 | D:7      | Bought a potion of invisibility for 96 gold pieces
  9740 | D:7      | Bought 2 potions of lignification for 72 gold pieces
  9821 | D:7      | Reached skill level 8 in Fighting
  9894 | D:7      | Reached skill level 3 in Transmutations
 10250 | D:7      | Learned a level 4 spell: Ice Form
 10591 | D:9      | Reached ***** piety under Cheibriados
 10781 | D:9      | Reached skill level 4 in Transmutations
 10998 | D:9      | Found an ornate altar of the Wu Jian Council.
 11013 | D:9      | Noticed Amaemon
 11024 | D:9      | Killed Amaemon
 11025 | D:9      | Reached skill level 5 in Transmutations
 11025 | D:9      | Killed an orange demon
 11209 | D:9      | Found a hazy altar of Hepliaklqana.
 11210 | D:9      | Found a shimmering altar of Xom.
 11211 | D:9      | Noticed a spectral ugly thing
 11458 | D:9      | Reached skill level 6 in Transmutations
 11955 | D:10     | Entered Level 10 of the Dungeon
 11961 | D:10     | Reached XP level 11. HP: 77/77 MP: 11/14
 11993 | D:10     | Reached skill level 5 in Earth Magic
 12001 | D:10     | Reached skill level 7 in Transmutations
 12105 | D:10     | Found Egitwao's Book Emporium.
 12339 | D:10     | Reached skill level 8 in Transmutations
 12340 | D:10     | Found a staircase to the Lair.
 12544 | D:10     | Reached ****** piety under Cheibriados
 12606 | D:10     | Learned a level 6 spell: Statue Form
 12613 | Lair:1   | Entered Level 1 of the Lair of Beasts
 12991 | Lair:1   | Reached skill level 9 in Transmutations
 13215 | Lair:1   | Reached skill level 8 in Earth Magic
 13962 | Lair:2   | Reached XP level 12. HP: 82/82 MP: 10/15
 14199 | Lair:2   | Reached skill level 10 in Transmutations
 14806 | Lair:2   | Noticed a five-headed hydra
 14810 | Lair:2   | Killed a five-headed hydra
 14814 | Lair:2   | Reached skill level 10 in Earth Magic
 15234 | Lair:3   | Identified the ring of Byrchourgh {rElec Will+ Int-5 Dex+3
                  | Slay+3}
 15334 | Lair:3   | Found an ancient bone altar of Kikubaaqudgha.
 15433 | Lair:3   | Found a hole to the Spider Nest.
 16060 | Lair:4   | Reached skill level 11 in Transmutations
 16126 | Lair:4   | Reached skill level 5 in Invocations
 16377 | Lair:4   | Reached XP level 13. HP: 88/88 MP: 13/17
 16695 | Lair:4   | Reached skill level 12 in Transmutations
 17217 | Lair:4   | Found a runed translucent door.
 17234 | Lair:4   | Found a staircase to the Shoals.
 17254 | Lair:4   | Noticed Depoub's ghost (journeyman OgIE)
 17445 | Lair:5   | Reached skill level 8 in Invocations
 17527 | Lair:5   | Identified the +0 robe "Bounlema" {Stlth+}
 17769 | Lair:5   | Found a staircase to the Slime Pits.
 17781 | Lair:5   | Reached skill level 13 in Transmutations
 18311 | Lair:6   | Entered Level 6 of the Lair of Beasts
 18336 | Lair:5   | Reached skill level 10 in Invocations
 18454 | Lair:6   | Reached XP level 14. HP: 94/94 MP: 18/21
 18518 | Lair:6   | Reached skill level 14 in Transmutations
 19379 | Lair:6   | Noticed a dire elephant
 19669 | Lair:6   | Reached skill level 15 in Transmutations
 19735 | Lair:6   | Killed a dire elephant
 19753 | Lair:6   | Identified the +5 glaive of the End {freeze, rN+ Str+3}
 20160 | D:11     | Noticed Sonja
 20163 | D:11     | Killed Sonja
 20516 | D:11     | Reached skill level 5 in Spellcasting
 20528 | D:11     | Reached XP level 15. HP: 99/99 MP: 14/24
 20676 | D:11     | Identified the +2 robe of Imperfection {rF++}
 20835 | D:11     | Found a staircase to the Orcish Mines.
 21421 | D:12     | Identified the +7 dire flail of Zoyp {flame, rPois rF+ rC-
                  | Int+4}
 22022 | D:13     | Reached skill level 8 in Stealth
 22585 | D:13     | Found a gate to the Vaults.
 23374 | D:14     | Reached XP level 16. HP: 109/109 MP: 21/25
 23421 | D:14     | Found a transporter.
 23423 | D:14     | Found a bloodstained altar of Trog.
 23423 | D:14     | Noticed Atuuduag's ghost (journeyman OgGl)
 23440 | D:14     | Found a transporter.
 23508 | D:15     | Entered Level 15 of the Dungeon
 23519 | D:15     | Reached skill level 10 in Fighting
 23583 | D:15     | Reached skill level 10 in Dodging
 23606 | D:15     | Reached skill level 10 in Stealth
 23606 | D:15     | Reached skill level 10 in Unarmed Combat
 23764 | D:15     | Acquired a book of Transfigurations
 23766 | D:15     | Acquired 574 gold pieces
 23911 | D:15     | Identified the +1 ring mail "Nuompi" {Harm}
 24009 | D:15     | Found a staircase to the Depths.
 24368 | Orc:1    | Entered Level 1 of the Orcish Mines
 24433 | Orc:2    | Entered Level 2 of the Orcish Mines
 24433 | Orc:2    | Found a staircase to the Elven Halls.
 24996 | Orc:2    | Found Voaz Imu's Magic Scroll Boutique.
 25069 | Orc:2    | Found Wig Zec's Antique Armour Shoppe.
 25073 | Orc:2    | Bought 3 scrolls of fog for 90 gold pieces
 25073 | Orc:2    | Bought a scroll of identify for 30 gold pieces
 25073 | Orc:2    | Bought a scroll of identify for 30 gold pieces
 25073 | Orc:2    | Bought a scroll of identify for 30 gold pieces
 25073 | Orc:2    | Bought 2 scrolls of amnesia for 105 gold pieces
 25076 | Orc:2    | Found Coptaadu's Weapon Shoppe.
 25078 | Orc:2    | Found Tixt's Jewellery Boutique.
 25087 | Orc:2    | Bought the ring of the Mage {Wiz Archmagi} for 765 gold
                  | pieces
 25087 | Orc:2    | Found the ring of the Mage {Wiz Archmagi}
 25321 | Orc:1    | Noticed Snorg
 25337 | Orc:1    | Killed Snorg
 25675 | Shoals:1 | Entered Level 1 of the Shoals
 26396 | Shoals:3 | Noticed Shayle's ghost (adept NaBr)
 26402 | Shoals:4 | Entered Level 4 of the Shoals
 26527 | Shoals:4 | Reached XP level 17. HP: 119/119 MP: 22/26
 26549 | Shoals:4 | Got a barnacled rune of Zot
 26596 | Shoals:3 | Found a runed translucent gate.
 26597 | Shoals:3 | Found a runed translucent gate.
 26803 | Spider:1 | Entered Level 1 of the Spider Nest
 26814 | Spider:1 | Noticed Kirke
 26820 | Spider:1 | Killed Kirke
 26931 | Spider:1 | Noticed Agnes
 26936 | Spider:1 | Killed Agnes
 27065 | Spider:1 | Noticed Donald
 27071 | Spider:1 | Killed Donald
 27927 | Spider:1 | HP: 1/121 [entropy weaver (13)]
 27929 | Spider:1 | Succumbed to a wolf spider's poison

Illustrated notes

Levels and vault maps discovered:
D:1:      dpeg_arrival_pits, layout_loops_cross,
          dilly_ecumenical_altar_fadedgnrine
D:2:      layout_loops_ring, basic_altar, st_stairs_10, uniq_sigmund
D:3:      layout_loops_corners, grunt_qazlal_clouds,
          cheibrodos_sewer_entry_sluice, cheibrodos_gnoll_hut, uniq_robin
D:4:      layout_loops_cross, minmay_temple_entry_sparse_star
D:5:      minmay_thick_lines, layout_loops_ring, serial_shops, kennysheep_mini,
          shop, shop_fountains
D:6:      layout_basic, uniq_pikel
D:7:      layout_cave_pools, serial_gnoll_camp, gnoll_camp_medium_02,
          gnoll_camp_mini_sergeant, gnoll_camp_huts_basic, gnoll_camp_mini_shop
D:8:      layout_cave_pods, lemuel_round_altar
D:9:      layout_grid_maze, regret_index_temple_of_mockery,
          mainiacjoe_overflow_large_starburst, serial_rivers,
          chequers_serial_rivers_small_b, chequers_serial_rivers_marsh,
          chequers_serial_rivers_micro_b, chequers_serial_rivers_micro_d,
          chequers_serial_rivers_large_b, uniq_amaemon
D:10:     layout_roguey, minmay_lair_entry_grove, serial_shops, shop
D:11:     layout_rooms, david_orc_1_choice, minmay_the_grid_2x2
          [minmay_the_grid_holed_spiral, minmay_the_grid_dragon_a,
          minmay_the_grid_minigrid_small, minmay_the_grid_prize_big_room],
          uniq_sonja
D:12:     minmay_triangles_in_corner, layout_long_grid
D:13:     layout_layer_cave, hangedman_vaults_entry_quadrant_bands,
          portal_ice_cave_entry_pillars_2
D:14:     layout_cave_pools, gammafunk_ghost_wrathful_warriors,
          dreamdust_mushroom_princess
D:15:     hangedman_depths_entry_civil_slaughter, layout_loops_ring,
          chequers_serial_rivers_micro_b
Temple:   eino_temple_scatter_basement
Lair:1:   layout_hall_layers, serial_bayou_shore_b, lemuel_fruit_tree,
          infiniplex_staircase_pool_2
Lair:2:   layout_cave_pods, beast_lair_carwin_11, grunt_megastairs_5,
          lemuel_fruit_fields
Lair:3:   layout_gridlike, nicolae_spider_entry_orb_guardian, basic_altar,
          grunt_megastairs_2, infiniplex_staircase_pool
Lair:4:   layout_loops_ring, elwin_shoals_entry_stream,
          ebering_ghost_inner_flame, st_stairs_6, beast_lair_carwin_5
Lair:5:   layout_roguey, slime_entry_1
Lair:6:   due_jungle_book, layout_loops_ring
Shoals:1: layout_shoals
Shoals:2: layout_shoals, serial_shops, shop, nicolae_shoals_square_sea_wall
Shoals:3: layout_shoals, gammafunk_ghost_necromancy
Shoals:4: shoals_end_hangedman, layout_shoals, nicolae_shoals_lost_giant_temple,
          nicolae_shop_firing_range, uniq_polyphemus, uniq_mara
Spider:1: layout_spider_delve, nicolae_spider_undead_wolf_pack, uniq_agnes,
          uniq_donald, uniq_kirke
Spider:2: layout_spider_delve
Orc:1:    gammafunk_beogh_shrine, layout_diamond_mine, minmay_orc_temple_a,
          uniq_snorg
Orc:2:    st_orc_elflike, layout_caves, bh_open_orc_temple

Skill      XL: |  1  2  3  4  5  6  7  8  9 10 11 12 13 14 15 16 17 |
---------------+----------------------------------------------------+-----
Stealth        | 1 2 3 4 5 9 11 | 11.0
Poison Magic   | 1 2 |  2.0
Fighting       | 2 3 4 5 7 8 9 11 12 | 12.8
Dodging        | 3 4 6 8 9 11 12 | 12.8
Unarmed Combat | 4 5 6 8 9 11 12 | 12.8
Ice Magic      | 3 |  3.4
Transmutations | 6 9 11 13 15 | 15.0
Earth Magic    | 4 8 10 | 10.0
Invocations    | 6 10 13 | 13.0
Spellcasting   | 5 |  5.0

Action                   |  1- 3 |  4- 6 |  7- 9 | 10-12 | 13-15 | 16-18 || total
-------------------------+-------+-------+-------+-------+-------+-------++-------
Melee: Unarmed           |    66 |    91 |   242 |   456 |   657 |   414 ||  1926
       Kick              |    16 |     9 |     9 |     1 |       |       ||    35
       Tentacles         |     8 |     7 |    11 |    31 |   216 |   111 ||   384
       Constrict         |    11 |     9 |    10 |    29 |    74 |   116 ||   249
       Punch             |     1 |     1 |     5 |     9 |    46 |    38 ||   100
 Cast: Beastly Appendage |    18 |    11 |     5 |     3 |       |       ||    37
       Spider Form       |       |    10 |    43 |    10 |       |       ||    63
       Wereblood         |       |     1 |     2 |     6 |     2 |     2 ||    13
       Ice Form          |       |       |       |    28 |       |       ||    28
       Statue Form       |       |       |       |    23 |    94 |    79 ||   196
Invok: Slouch            |       |       |       |       |     2 |    10 ||    12
       Step From Time    |       |       |       |       |       |     4 ||     4
       Temporal Distorti |       |       |       |       |       |     1 ||     1
Evoke: Condenser vane    |       |       |       |       |     1 |       ||     1
  Use: Scroll            |     7 |    10 |     6 |     4 |     4 |    11 ||    42
       Potion            |     1 |       |     2 |       |       |     7 ||    10
 Stab: Sleeping          |     3 |    14 |     9 |     5 |     5 |    13 ||    49
       Distracted        |       |       |       |       |       |     4 ||     4
Armor: Skin              |    16 |    16 |    34 |   186 |   559 |   367 ||  1178
Dodge: Dodged            |    32 |    49 |   297 |   662 |  1479 |  1284 ||  3803

Table legend: (Time is in decaauts)
 A = Elapsed time spent in this place.
 B = Non-inter-level travel time spent in this place.
 C = Inter-level travel time spent in this place.
 D = Time resting spent in this place.
 E = Time spent auto-exploring this place.
 F = Levels seen in this place.
 G = Mean time per level.
                   A        B        C        D        E       F      G
               +--------+--------+--------+--------+--------+-----+--------+
         Total |  45069 |  42228 |   2841 |   3536 |  29802 |  31 | 1453.8 |
       Dungeon |  25134 |  23406 |   1728 |   2666 |  15800 |  15 | 1675.6 |
        Temple |     23 |     12 |     11 |      0 |      1 |   1 |   23.0 |
          Lair |  12752 |  12029 |    723 |    404 |   9885 |   6 | 2125.3 |
        Shoals |   2185 |   2052 |    133 |     25 |    971 |   4 |  546.2 |
   Spider Nest |   2218 |   2167 |     51 |    136 |   1381 |   2 | 1109.0 |
  Orcish Mines |   2286 |   2093 |    193 |      0 |   1703 |   2 | 1143.0 |
         Sewer |    468 |    468 |      0 |    304 |     59 |   1 |  468.0 |
               +--------+--------+--------+--------+--------+-----+--------+

Top non-repeatable levels by time:
  Lair:6: 2829 daAuts
  Lair:4: 2569 daAuts
     D:6: 2433 daAuts
    D:13: 2325 daAuts
  Lair:2: 2315 daAuts
     D:9: 2252 daAuts
Spider:1: 2174 daAuts
    D:12: 2057 daAuts
  Lair:5: 1997 daAuts
     D:8: 1910 daAuts
    D:10: 1837 daAuts
     D:5: 1815 daAuts
    D:11: 1791 daAuts
  Lair:3: 1754 daAuts
   Orc:2: 1749 daAuts
